Construct Section Command Post
Selects Air and Sea Battlegroup
Selects Commando Section Paradrop
Construct Platoon Command Post
Unlock M3 Stuart Light Tanks
Selects Centaur Medium Tank
6-pounder Anti-tank Gun Team
Construct Company Command Post
Selects Commando LMG Section Paradrop
Construct Field Infirmary
Selects Anti-tank Rocket Loiter
Unlock Bishop Self-propelled Artillery
Commando Section Paradrop
Bishop Self-propelled Artillery
Bishop Self-propelled Artillery
Commando Section Paradrop
Unlock Towed 17-pounder Anti-tank Guns
Bishop Self-propelled Artillery